 Dungeon Crawl Stone Soup version 0.30-a0-862-g1aabd4f9c5 (webtiles) character file.

Game seed: 5793373525340950622

278 MacCMillion the Chopper (level 6, 0/52 HPs)
             Began as a Ghoul Gladiator on Mar 9, 2023.
             Slain by an ogre
             ... wielding a +0 giant spiked club
              (15 damage)
             ... on level 5 of the Dungeon.
             The game lasted 00:09:31 (2730 turns).

MacCMillion the Chopper (Ghoul Gladiator)           Turns: 2730, Time: 00:09:31

Health: 0/52       AC: 13    Str: 20    XL:     6   Next: 26%
Magic:  5/5        EV: 11    Int:  3    God:
Gold:   180        SH:  0    Dex: 16    Spells: 5/5 levels left

rFire   . . .      SeeInvis .    a - +0 war axe
rCold   + . .      Faith    .    (no shield)
rNeg    + + +      Spirit   .    q - +0 scale mail
rPois   ∞          Reflect  .    c - +0 helmet
rElec   .          Rampage  .    w - +0 cloak
rCorr   .                        (no gloves)
Will    .....                    j - +0 pair of boots Stlth
                                 (no amulet)
HPRegen 0.00/turn                m - +4 ring of protection
MPRegen 0.09/turn                p - +6 ring of dexterity

@: inhibited regen
A: claws 1, cold resistance 1, negative energy resistance 3, inhibited
regeneration, torment resistance 2, devour on kill
a: no special abilities


You were on level 5 of the Dungeon.
You visited 1 branch of the dungeon, and saw 4 of its levels.

You collected 180 gold pieces.

Inventory:

Hand Weapons
 a - a +0 war axe (weapon)
 o - a +3 broad axe of venom
Missiles
 d - 3 throwing nets (quivered)
 e - a javelin
 l - 4 poisoned darts
 t - 4 boomerangs
Armour
 c - a +0 helmet (worn)
 j - a +0 pair of boots (worn)
 q - a +0 scale mail (worn)
 w - a +0 cloak (worn)
Jewellery
 m - a +4 ring of protection (left claw)
 p - a +6 ring of dexterity (right claw)
Wands
 s - a wand of digging (6)
 x - a wand of charming (6)
Scrolls
 f - 5 scrolls of identify
 k - 3 scrolls of teleportation {unknown}
 v - a scroll of fog
Potions
 b - a potion of might {unknown}
 g - a potion of mutation {unknown}
 h - a potion of heal wounds {unknown}
 i - 3 potions of curing {unknown}
 n - 2 potions of brilliance {unknown}
 r - a potion of invisibility {unknown}
 u - a potion of lignification {unknown}


   Skills:
 + Level 4.1 Fighting
 * Level 5.0 Axes
 - Level 1.7 Throwing
 + Level 1.8 Armour
 - Level 2.6 Dodging


You had 5 spell levels left.
You didn't know any spells.
Your spell library contained the following spells:

 Spells                   Type           Power      Damage    Failure   Level
 Scorch                   Fire           0%         2d5       95%         2
 Ignite Poison            Fire/Tmut/Pois 0%         N/A       99%         3
 Kindle Blastsparks       Fire/Tloc/Air  0%         2d10      99%         3
 Flame Wave               Conj/Fire      0%         2d4       100%        4
 Freezing Cloud           Conj/Ice/Air   0%         6-21      100%        5
 Summon Cactus Giant      Summ           0%         N/A       100%        6


Dungeon Overview and Level Annotations

Branches:
Dungeon (3/15)

Altars:
Qazlal

Shops:
D:3 !


Innate Abilities, Weirdness & Mutations

You are immune to poison.
You have sharp fingernails.
Your flesh is cold resistant. (rC+)
You are immune to negative energy. (rN+++)
You do not regenerate when monsters are visible.
You are immune to unholy pain and torment.
You thrive by killing the living.


Message History

You slash the scorpion!
You kill the scorpion!
You feel better.
Your Fighting skill increases to level 4!
You have reached level 6!
You closely miss the iguana. The iguana barely misses you.
You barely miss the iguana. The iguana misses you.
The iguana barely misses you.
Okay, then.
You slash the iguana!
The iguana is heavily wounded.
The iguana bites you but does no damage.
You slash the iguana!
You kill the iguana!
You feel better.
Your Axes skill increases to level 5!
You hit the ogre.
The ogre is moderately wounded.
The ogre hits you with a +0 giant spiked club!!
Ouch! That really hurt!
You are too injured to fight recklessly!
You barely miss the ogre.
The ogre is moderately wounded.
The ogre hits you but does no damage.
You barely miss the ogre.
The ogre is moderately wounded.
The ogre closely misses you.
You slash the ogre!
The ogre is heavily wounded.
You hit the ogre.
The ogre is severely wounded.
The ogre hits you with a +0 giant spiked club!
* * * LOW HITPOINT WARNING * * *
You hit the ogre.
The ogre is almost dead.
The ogre closely misses you.
You hit the ogre.
The ogre is almost dead.
The ogre hits you with a +0 giant spiked club!
You die...

..........# ###......#
#......# #.##..##
#.##..#####. #.##........#
###.##.######## ..#.##O#
#.#.##@# #.#.##.# #.#.##.#
###....#.# #........# #####
##.#....###########. ....#
##.#..#.##...†.......
###.###.###.#.##.##########
#..^.## ##..#.........[.#


You could see an ogre.

Vanquished Creatures
  A scorpion (D:5)
  An iguana (D:5)
  5 adders
  7 gnolls
  5 orcs (D:3)
  10 ball pythons
  5 bats
  3 endoplasms
  A giant cockroach (D:1)
  4 goblins
  4 hobgoblins
  16 jackals
  A quokka (D:1)
  6 frilled lizards
  4 kobolds
  4 rats
77 creatures vanquished.

Notes
Turn   | Place    | Note
-------+----------+-------------------------------------------
     0 | D:1      | MacCMillion the Ghoul Gladiator began the quest for the
                  | Orb.
     0 | D:1      | Reached XP level 1. HP: 17/17 MP: 0/0
   119 | D:1      | Reached skill level 3 in Axes
   119 | D:1      | Reached XP level 2. HP: 25/25 MP: 1/1
   261 | D:1      | Found a faded altar of an unknown god.
   389 | D:1      | Reached XP level 3. HP: 29/30 MP: 2/2
  1149 | D:2      | Reached XP level 4. HP: 38/38 MP: 3/3
  1385 | D:2      | Reached skill level 4 in Axes
  1557 | D:3      | Found Biyrren's Distillery.
  2011 | D:3      | Reached XP level 5. HP: 28/45 MP: 4/4
  2016 | D:3      | Reached skill level 1 in Armour
  2426 | D:3      | You fall into a shaft and drop 2 floors!
  2426 | D:5      | Entered Level 5 of the Dungeon
  2426 | D:5      | Found a stormy altar of Qazlal.
  2470 | D:5      | Identified a scroll of acquirement
  2472 | D:5      | Acquired a +3 broad axe of venom
  2701 | D:5      | Noticed an ogre
  2720 | D:5      | Reached XP level 6. HP: 48/52 MP: 5/5
  2724 | D:5      | Reached skill level 5 in Axes
  2730 | D:5      | Slain by an ogre

Illustrated notes

Levels and vault maps discovered:
D:1:      minmay_arrival_shattered_statue, layout_basic,
          hellmonk_ecumenical_altar_dog_temple, hangedman_abyss_or_decor_stabs,
          solitary_fountain
D:2:      layout_rooms
D:3:      layout_rooms, serial_shops, shop
D:5:      layout_loops_ring, grunt_temple_overflow_octagram,
          mainiacjoe_overflow_catwalk, serial_shops, nicolae_stop_n_shop_1,
          uniq_edmund

Skill      XL: |  1  2  3  4  5  6 |
---------------+-------------------+-----
Axes           | 3 4 5 |  5.0
Fighting       | 3 4 |  4.1
Armour         | 1 |  1.8
Throwing       | |  1.7
Dodging        | |  2.6

Action                     |  1- 3 |  4- 6 || total
---------------------------+-------+-------++-------
  Melee: War axe           |   109 |   130 ||   239
         Punch             |     1 |     2 ||     3
    Use: Scroll            |       |     3 ||     3
 Armour: Leather armour    |    43 |       ||    43
         Scale mail        |       |    77 ||    77
  Dodge: Dodged            |    85 |    79 ||   164

Table legend: (Time is in decaauts)
 A = Elapsed time spent in this place.
 B = Non-inter-level travel time spent in this place.
 C = Inter-level travel time spent in this place.
 D = Time resting spent in this place.
 E = Time spent auto-exploring this place.
 F = Levels seen in this place.
 G = Mean time per level.
                   A        B        C        D        E       F      G
               +--------+--------+--------+--------+--------+-----+--------+
         Total |   2804 |   2718 |     86 |    608 |   1314 |   4 |  701.0 |
       Dungeon |   2804 |   2718 |     86 |    608 |   1314 |   4 |  701.0 |
               +--------+--------+--------+--------+--------+-----+--------+

Top non-repeatable levels by time:
     D:1: 942 daAuts
     D:2: 824 daAuts
     D:3: 725 daAuts
     D:5: 312 daAuts
